 Dungeon Crawl Stone Soup version 0.28.0-53-g5a82cb258f (webtiles) character file.

Game seed: 9618892563813106849

211 Zeld the Ogre Mage (level 5, -2/52 HPs)
             Began as an Ogre Transmuter on May 22, 2022.
             Slain by a kobold brigand
             ... wielding a +1 short sword of speed
              (4 damage)
             ... in a sewer.
             The game lasted 00:02:20 (3715 turns).

Zeld the Ogre Mage (Ogre Transmuter)                Turns: 3715, Time: 00:02:21

Health: -2/52      AC:  2    Str: 16    XL:     5   Next: 88%
Magic:  9/11       EV: 18    Int: 14    God:
Gold:   116        SH:  0    Dex: 14    Spells: 2/12 levels left

rFire   . . .      SeeInvis .     - Unarmed
rCold   . . .      Faith    .   (shield currently unavailable)
rNeg    . . .      Spirit   .   (armour currently unavailable)
rPois   x          Reflect  .   (helmet currently unavailable)
rElec   .          Harm     .   (cloak currently unavailable)
rCorr   .          Rampage  .   (gloves unavailable)
Will    .....                   (boots unavailable)
Stlth   +.........              (no amulet)
HPRegen 0.17/turn               (no ring)
MPRegen 0.12/turn               (no ring)

@: spider-form (expiring)
A: venomous fangs, tiny, unfitting armour, (tough skin 1)
a: End Transformation


You were in a sewer.
You were a venomous arachnid creature.
You visited 1 branch of the dungeon, and saw 3 of its levels.
You also visited: Sewer.

You collected 116 gold pieces.

Inventory:

Hand Weapons
 a - a +0 dagger of venom (melded)
Armour
 e - a +0 cloak (melded)
 q - a +0 robe (melded)
Scrolls
 c - a scroll of amnesia {unknown}
 g - a scroll of magic mapping {unknown}
 h - 2 scrolls of torment {unknown}
 i - a scroll of fog {unknown}
 k - a scroll of enchant weapon {unknown}
Potions
 b - a potion of lignification {unknown}
 d - 2 potions of invisibility {unknown}
 f - 2 potions of resistance {unknown}
 j - a potion of magic {unknown}
 l - a potion of heal wounds {unknown}


   Skills:
 + Level 2.9 Fighting
 - Level 1.7 Dodging
 - Level 2.6 Unarmed Combat
 * Level 4.1 Spellcasting
 * Level 3.2 Transmutations
 + Level 1.5 Ice Magic
 + Level 1.4 Poison Magic


You had 2 spell levels left.
You knew the following spells:

 Your Spells              Type           Power      Damage    Failure   Level
a - Beastly Appendage     Tmut           22%        N/A       14%         1
b - Wereblood             Tmut           11%        N/A       21%         2
c - Spider Form           Tmut/Pois      9%         N/A       43%         3
d - Ice Form              Ice/Tmut       9%         N/A       78%         4

Your spell library contained the following spells:

 Spells                   Type           Power      Damage    Failure   Level
 Conjure Ball Lightning   Conj/Air       1%         3x3d6     100%        6
 Discord                  Hex            1%         N/A       100%        8
 Disjunction              Tloc           1%         N/A       100%        8


Dungeon Overview and Level Annotations

Branches:
Dungeon (3/15)              Sewer (1/1)

Altars:


Innate Abilities, Weirdness & Mutations

You are a venomous arachnid creature.
You have poisonous fangs.
You are tiny and dextrous.
Your spellcasting is less reliable in this form.
Your armour is entirely melded.
You are incapable of wielding weapons or throwing items.
You are too large for most types of armour.
((You have tough skin. (AC +1)))


Message History

The kobold brigand throws a curare-tipped dart.
The curare-tipped dart misses you.
You barely miss the kobold brigand.
The kobold brigand hits you with a +1 short sword of speed.
Unknown command.
You completely miss the kobold brigand. The kobold brigand barely misses you.
The kobold brigand completely misses you. x2
Unknown command.
You bite the kobold brigand!
The kobold brigand is poisoned.
The kobold brigand is moderately wounded.
The kobold brigand barely misses you. The kobold brigand closely misses you.
The kobold brigand hits you with a +0 short sword!
Unknown command.
You hit the kobold brigand but do no damage.
The kobold brigand looks as sick as possible!
The kobold brigand is moderately wounded.
The kobold brigand hits you with a +0 short sword.
The kobold brigand hits you with a +1 short sword of speed!
The kobold brigand hits you with a +1 short sword of speed.
The kobold brigand hits you with a +0 short sword!
You hit the kobold brigand but do no damage.
The kobold brigand is poisoned.
The kobold brigand closely misses you.
The kobold brigand hits you with a +1 short sword of speed!
* * * LOW HITPOINT WARNING * * *
The kobold brigand misses you.
Unknown command.
Unknown command.
You hit the kobold brigand.
The kobold brigand is lightly wounded.
The kobold brigand barely misses you. x2
The kobold brigand hits you with a +1 short sword of speed.
* * * LOW HITPOINT WARNING * * *
The kobold brigand misses you.
Unknown command.
Unknown command.
You bite the kobold brigand!
The kobold brigand is poisoned.
The kobold brigand is moderately wounded.
The kobold brigand misses you.
The kobold brigand hits you with a +1 short sword of speed.
You die...

#≈≈≈#.∩∩#
#≈≈≈'...#
#≈≈≈######
#≈≈≈#!...#
#≈≈≈#!∩..#
#≈≈≈#.!..#
#≈≈≈#KKKK#
#≈≈≈##KK##
#≈≈≈#PsK.#
#≈≈≈#P...###
#≈≈≈≈≈≈....#
#≈≈≈≈≈≈...##
#≈≈≈#≈≈...#
#≈≈≈#≈≈....#
#≈≈≈#......#
≈≈≈≈≈#..P...#
≈≈≈≈≈≈#......#


You could see 3 kobold brigands and 4 kobolds.

Vanquished Creatures
  Sigmund (D:2)
  2 adders (D:3)
  4 bats (D:1)
  3 endoplasms
  4 giant cockroaches
  4 goblins
  3 hobgoblins
  A quokka (D:1)
  5 ball pythons
  5 frilled lizards
  3 kobolds
  9 rats
44 creatures vanquished.

Notes
Turn   | Place    | Note
-------+----------+-------------------------------------------
     0 | D:1      | Zeld the Ogre Transmuter began the quest for the Orb.
     0 | D:1      | Reached XP level 1. HP: 19/19 MP: 3/3
   240 | D:1      | Reached XP level 2. HP: 27/27 MP: 3/5
   294 | D:1      | Learned a level 2 spell: Wereblood
   928 | D:1      | Reached XP level 3. HP: 31/35 MP: 7/7
   932 | D:1      | Learned a level 3 spell: Spider Form
   993 | D:1      | Reached skill level 3 in Spellcasting
  1418 | D:2      | Noticed Sigmund
  2507 | D:2      | Killed Sigmund
  2508 | D:2      | Reached skill level 1 in Ice Magic
  2508 | D:2      | Reached skill level 1 in Poison Magic
  2508 | D:2      | Reached XP level 4. HP: 44/44 MP: 4/9
  2508 | D:2      | Reached XP level 5. HP: 52/52 MP: 4/10
  2515 | D:2      | Learned a level 4 spell: Ice Form
  2690 | D:2      | Reached skill level 4 in Spellcasting
  2851 | D:2      | Found a faded altar of an unknown god.
  3402 | D:3      | Found a glowing drain.
  3689 | Sewer    | Entered a sewer
  3707 | Sewer    | Noticed a kobold brigand
  3707 | Sewer    | Noticed a kobold brigand
  3707 | Sewer    | Noticed a kobold brigand
  3714 | Sewer    | HP: 1/52 [kobold brigand/+1 short sword of speed (5)]
  3715 | Sewer    | Slain by a kobold brigand

Illustrated notes

Levels and vault maps discovered:
D:1:      amcnicky_arrival_abandoned_market, layout_loops_corners,
          dk_noncrumbling_3, minmay_box_of_dots
D:2:      minmay_wonky_spiral, layout_basic,
          hellmonk_ecumenical_altar_heavens_door, minmay_pentomino_q4,
          uniq_sigmund
D:3:      layout_basic, gup_sewer_entry_glass
Sewer:    kennysheep_pipe_town

Skill      XL: |  1  2  3  4  5 |
---------------+----------------+-----
Transmutations | 2 3 |  3.2
Spellcasting   | 3 4 |  4.1
Fighting       | 2 |  2.9
Ice Magic      | 1 |  1.5
Poison Magic   | 1 |  1.4
Dodging        | |  1.7
Unarmed Combat | |  2.6

Action                   |  1- 3 |  4- 6 || total
-------------------------+-------+-------++-------
Melee: Unarmed           |    36 |     7 ||    43
       Kick              |     7 |       ||     7
       Headbutt          |     5 |     2 ||     7
       Dagger            |    41 |    46 ||    87
       Punch             |     1 |     2 ||     3
 Cast: Beastly Appendage |    15 |     5 ||    20
       Spider Form       |     4 |     1 ||     5
       Wereblood         |       |     1 ||     1
 Stab: Sleeping          |     1 |       ||     1
Armor: Robe              |    32 |    14 ||    46
Dodge: Dodged            |    53 |    40 ||    93
